 Dungeon Crawl Stone Soup version 0.20.1-1-g8b1a95d (webtiles) character file.

92 tidbits the Grave Robber (level 4, -12/33 HPs)
             Began as a Demigod Necromancer on Aug 24, 2017.
             Mangled by tidbits's ghost (20 damage)
             ... on level 3 of the Dungeon.
             The game lasted 00:09:27 (994 turns).

tidbits the Grave Robber (Demigod Necromancer)       Turns: 994, Time: 00:09:28

Health: -12/33     AC:  2    Str: 11    XL:     4   Next: 13%
Magic:  8/10       EV: 12    Int: 21    God:
Gold:   118        SH:  0    Dex: 16    Spells: 3/8 levels left

rFire    . . .     SeeInvis +   a - +0 trident
rCold    . . .     Gourm    .   (no shield)
rNeg     . . .     Faith    .   d - +0 robe
rPois    .         Spirit   .   (no helmet)
rElec    .         Reflect  .   (no cloak)
rCorr    .         Harm     .   (no gloves)
MR       .....                  (no boots)
Stlth    ++........             (no amulet)
Regen    0.2/turn               t - ring of see invisible
MPRegen  0.2/turn               (no ring)

@: hasted, very quick
A: high mp 1
a: no special abilities


You were on level 3 of the Dungeon.
You were not hungry.

You visited 1 branch of the dungeon, and saw 4 of its levels.

You collected 118 gold pieces.

Inventory:

Hand Weapons
 a - a +0 trident (weapon)
 g - a +0 dagger
 j - a +0 hunting sling
 m - a -1 whip
 r - a +0 whip
 u - a +0 spear
Missiles
 l - a throwing net {!f}
 n - 36 stones (quivered)
 q - 21 arrows
Armour
 d - a +0 robe (worn)
Jewellery
 t - a ring of see invisible (left hand)
   (You found it on level 3 of the Dungeon)
Scrolls
 e - a scroll of enchant weapon {unknown}
 h - 3 scrolls of remove curse
 k - 2 scrolls of magic mapping {unknown}
 o - 2 scrolls of teleportation {unknown}
 s - a scroll of blinking {unknown}
Potions
 f - a potion of haste
Books
 b - a book of Necromancy

   Spells                             Type                      Level
   a - Pain                           Necromancy                   1
   b - Animate Skeleton               Necromancy                   1
   c - Vampiric Draining              Necromancy                   3
   d - Regeneration                   Charms/Necromancy            3
   e - Animate Dead                   Necromancy                   4
   f - Control Undead                 Necromancy                   4
Comestibles
 c - 4 bread rations
 i - a meat ration
 v - 3 chunks of flesh


   Skills:
 - Level 1.7 Dodging
 - Level 1.7 Stealth
 + Level 2.6 Spellcasting
 * Level 4.8 Necromancy


You had 3 spell levels left.
You knew the following spells:

 Your Spells              Type           Power        Failure   Level  Hunger
n - Animate Skeleton      Necr           N/A          1%          1    None
v - Vampiric Draining     Necr           ###.......   5%          3    ###....
z - Pain                  Necr           ###.         1%          1    None


Dungeon Overview and Level Annotations

Branches:
Dungeon (4/15)
 Temple: D:4-7

Annotations:
D:3 tidbits's ghost, weakling DgNe


Innate Abilities, Weirdness & Mutations

You have an increased reservoir of magic. (+10% MP)


Message History

* * * LOW HITPOINT WARNING * * *
Casting: Pain
Confirm with . or Enter, or press ? or * to list all spells.
Aiming: Vampiric Draining
Press: ? - help, Shift-Dir - straight line, f/p - orc
Aim: an orc, wearing a leather armour (heavily wounded)
You kill the orc!
You feel life coursing into your body.
Press: ? - help, v - describe, . - travel
Here: an orc, wielding an enchanted hand axe The floor.
You are too injured to fight recklessly!
Attack whom?
Press: ? - help, Dir - move target cursor, f - orc
Aim: an orc, wielding an enchanted hand axe You reach to attack!
You hit the orc.
The orc is severely wounded.
The orc hits you but does no damage.
You puncture the orc!
You kill the orc!
You have reached level 4!
The orc barely misses you.
You puncture the orc!
You kill the orc!
The orc hits you with a war axe.
* * * LOW HITPOINT WARNING * * *
A rat comes into view.
Casting: Vampiric Draining
Confirm with . or Enter, or press ? or * to list all spells.
Aiming: Vampiric Draining
Press: ? - help, Shift-Dir - straight line, f - orc
Aim: an orc, wielding a war axe (unusually resistant)
You kill the orc!
You feel life coursing into your body.
Attack whom?
Press: ? - help, Dir - move target cursor, f - giant cockroach
Aim: a giant cockroach (clinging)
You reach to attack!
You barely miss the giant cockroach. The giant cockroach barely misses you.
You barely miss the giant cockroach. The giant cockroach barely misses you.
You hit the giant cockroach.
You kill the giant cockroach!
You puncture the orc!
You kill the orc!
You now have 110 gold pieces (gained 11).
Items here: )) †† a short sword; a war axe; a giant cockroach corpse; an orc corpse
Items here: )) [[ a hand axe; a leather armour; an enchanted hand axe; a leather armour Attack whom?
Press: ? - help, Dir - move target cursor, f - rat
Aim: a rat You reach to attack!
You hit the rat.
You kill the rat!
You hear the brisk rusting of a very distant drain.
Things that are here:
a scale mail; an orc corpse You see here a club.
A quokka comes into view.
Found 8 gold pieces.
The quokka misses you.
Casting: Vampiric Draining
Confirm with . or Enter, or press ? or * to list all spells.
Aiming: Vampiric Draining
Press: ? - help, Shift-Dir - straight line, f - quokka
Aim: a quokka You kill the quokka!
You feel life coursing into your body.
You now have 118 gold pieces (gained 8).
Tidbits's ghost (weakling Demigod Necromancer) comes into view.
It is wielding a weapon of electrocution.
It was a potion of haste.
You feel yourself speed up.
Attack whom?
Press: ? - help, Dir - move target cursor, f - tidbits's ghost
Aim: tidbits's ghost, wielding a weapon of electrocution (hasn't noticed you)
You reach to attack!
Tidbits's ghost turns its malevolent gaze towards you.
You hit tidbits's ghost.
Tidbits's ghost is moderately damaged.
You barely miss tidbits's ghost.
Tidbits's ghost is moderately damaged.
Tidbits's ghost closely misses you.
You hit tidbits's ghost.
Tidbits's ghost is moderately damaged.
Tidbits's ghost hits you!
It was a potion of curing.
You feel better.
You hit tidbits's ghost.
Tidbits's ghost is moderately damaged.
Tidbits's ghost casts a spell at you. Pain shoots through your body!
* * * LOW HITPOINT WARNING * * *
You closely miss tidbits's ghost.
Tidbits's ghost is moderately damaged.
Tidbits's ghost completely misses you.
You hit tidbits's ghost.
Tidbits's ghost is heavily damaged.
Tidbits's ghost hits you.
* * * LOW HITPOINT WARNING * * *
You are electrocuted!
Ouch! That really hurt!
You die...

##...........#.###
...#########...#..
#### ##.##.#
#.##.#
#.##.###.###
#...........
####.###W## #.#
#@# #.W......
#####.###


You could see tidbits's ghost.

Vanquished Creatures
  An orc wizard (D:3)
  A leopard gecko (D:3)
  9 orcs (D:3)
  A ball python (D:3)
  4 giant cockroaches
  6 goblins
  5 hobgoblins
  2 jackals (D:3)
  A quokka (D:3)
  3 bats
  A frilled lizard (D:2)
  7 kobolds
  3 rats
44 creatures vanquished.

Vanquished Creatures (collateral kills)
  A goblin (D:1)
  A frilled lizard (D:2)
2 creatures vanquished.

Grand Total: 46 creatures vanquished

Notes
Turn   | Place    | Note
-------+----------+-------------------------------------------
     0 | D:1      | tidbits the Demigod Necromancer began the quest for the Orb.
     0 | D:1      | Reached XP level 1. HP: 14/14 MP: 5/5
   167 | D:2      | Found an opulent altar of Gozag.
   181 | D:2      | Reached skill level 2 in Spellcasting
   181 | D:2      | Reached XP level 2. HP: 11/20 MP: 4/7
   184 | D:2      | Learned a level 1 spell: Animate Skeleton
   274 | D:1      | Reached skill level 4 in Necromancy
   689 | D:3      | Reached XP level 3. HP: 17/26 MP: 7/9
   694 | D:3      | Learned a level 3 spell: Vampiric Draining
   919 | D:3      | Reached XP level 4. HP: 15/33 MP: 5/10
   982 | D:3      | Noticed tidbits's ghost (weakling DgNe)
   994 | D:3      | Mangled by tidbits's ghost

Skill      XL: |  1  2 |
---------------+-------+-----
Spellcasting   | 2 |  2.6
Necromancy     | 4 |  4.8
Dodging        | |  1.7
Stealth        | |  1.7

Action                   |  1- 3 |  4- 6 || total
-------------------------+-------+-------++-------
Melee: Spear             |    21 |       ||    21
       Trident           |    26 |    12 ||    38
Throw: Stone             |     1 |       ||     1
 Cast: Pain              |    44 |       ||    44
       Animate Skeleton  |     2 |       ||     2
       Vampiric Draining |     3 |     2 ||     5
  Use: Scroll            |     1 |       ||     1
       Potion            |       |     2 ||     2
 Stab: Sleeping          |     2 |       ||     2
  Eat: Chunk             |     1 |       ||     1
Armor: Robe              |     6 |       ||     6
Dodge: Dodged            |    40 |     6 ||    46

Table legend:
 A = Turns spent in this place as a percentage of turns spent in the entire game.
 B = Non-inter-level travel turns spent in this place as a percentage of non-inter-level travel turns spent in the entire game.
 C = Inter-level travel turns spent in this place as a percentage of turns spent in this place.
 D = Turns resting spent in this place as a percentage of non-inter-level travel turns spent in this place.
 E = Turns spent auto-exploring this place as a percentage of non-inter-level travel turns spent in this place.
 F = Non-inter-level travel turns spent in this place divided by the number of levels of this place that you've seen.
                   A       B       C       D       E      F
               +-------+-------+-------+-------+-------+----------------------
         Total | 100.0 | 100.0 |   0.0 |   0.0 |   0.0 | 229.5
       Dungeon | 100.0 | 100.0 |   0.0 |   0.0 |   0.0 | 229.5
               +-------+-------+-------+-------+-------+----------------------

Table legend:
 A = Kills in this place as a percentage of kills in entire the game.
 B = Kills by you in this place as a percentage of kills by you in the entire game.
 C = Kills by friends in this place as a percentage of kills by friends in the entire game.
 D = Other kills in this place as a percentage of other kills in the entire game.
 E = Experience gained in this place as a percentage of experience gained in the entire game.
 F = Experience gained in this place divided by the number of levels of this place that you have seen.
                   A       B       C       D       E      F
               +-------+-------+-------+-------+-------+----------------------
         Total | 100.0 | 100.0 | 100.0 |  -nan | 100.0 |  33.0
       Dungeon | 100.0 | 100.0 | 100.0 |  -nan | 100.0 |  33.0
               +-------+-------+-------+-------+-------+----------------------

Vault maps used:
D:1:      dpeg_arrival_refuge
D:2:      minivault_4, nicolae_gozag_cash_rules_everything_around_me
D:3:      first_bread, gup_sewer_entry_bubbles
D:4:      kennysheep_mini_moat, temple_green, abandoned_shop,
          kennysheep_nondescript, nemelex_dance_club_becter, uniq_edmund
